Map: Golden Wall LE

Players

SortOf

  • Race: Zerg Zerg
  • League: Grandmaster
  • Spawn Location: 7:00

AGOElazer (Elazer) - Winner!

  • Race: Zerg Zerg
  • League: Master
  • Spawn Location: 5:00

Event: DreamHack SC2 Masters 2020 Fall

VOD

Have the link to the VOD?

Description

Time

  • Played on: Sept. 5, 2020, 1:12 p.m.
  • Length: 10:35

All games in this series

Show
View Real Time Build Order
Export as new Build Order

SortOf Zerg 

Build Orders: Hatch First 

Get SALT Encoding   

  12  0:00  Drone  
  13  0:12  Overlord  
  13  0:17  Drone  
  14  0:31  Drone x2  
  16  0:48  Hatchery  
  15  0:52  Drone  
  15  0:56  Drone  
  17  0:59  Drone  
  18  1:09  Extractor  
  17  1:15  Spawning Pool  
  17  1:18  Drone  
  17  1:21  Drone  
  18  1:28  Drone  
  19  1:38  Drone  
  20  1:49  Drone  
  21  1:59  Overlord  
  21  2:01  Queen  
  21  2:02  Drone, Queen  
  26  2:10  Drone  
  26  2:12  Drone  
  28  2:21  Drone  
  29  2:25  Drone  
  30  2:33  Drone x2  
  30  2:36  Extractor  
  31  2:37  Queen  
  31  2:43  Overlord  
  33  2:45  Lair  
  33  2:46  Drone  
  34  2:54  Evolution Chamber  
  34  2:55  Drone x2  
  35  3:04  Drone  
  36  3:08  Roach Warren  
  36  3:10  Drone x4  
  39  3:13  Drone  
  39  3:18  Drone x2  
  42  3:25  Overlord  
  42  3:31  Drone  
  42  3:32  Drone  
  42  3:33  Extractor  
  43  3:34  Extractor, Overlord  
  43  3:40  Drone  
  43  3:46  Spire  
  42  3:49  Drone  
  42  3:52  Evolution Chamber  
  42  3:59  Drone x2  
  42  4:02  Drone  
  45  4:05  Drone  
  45  4:08  Drone  
  45  4:09  Zerg Melee Weapons Level 1  
  47  4:11  Drone  
  47  4:13  Overlord  
  47  4:17  Drone  
  49  4:24  Spine Crawler  
  48  4:26  Spine Crawler  
  48  4:27  Drone  
  48  4:28  Drone  
  49  4:35  Metabolic Boost  
  49  4:37  Drone  
  50  4:39  Spine Crawler  
  49  4:57  Mutalisk x5  
  59  5:04  Overlord x2  
  60  5:20  Overlord  
  60  5:27  Mutalisk x4  
  68  5:39  Zerg Flyer Weapons Level 1, Mutalisk  
  68  5:41  Overlord  
  70  5:45  Zergling x12  
  76  5:56  Mutalisk, Hatchery  
  77  6:01  Overlord  
  77  6:06  Mutalisk  
  77  6:07  Mutalisk  
  81  6:13  Hatchery  
  80  6:21  Mutalisk  
  80  6:25  Drone x5  
  87  6:34  Mutalisk x2  
  90  6:52  Mutalisk x2  
  83  6:55  Zergling x16  
  83  6:56  Extractor  
  83  6:57  Extractor  
  87  7:02  Pneumatized Carapace  
  87  7:04  Queen  
  87  7:07  Spore Crawler  
  88  7:11  Mutalisk  
  90  7:15  Overlord x2  
  90  7:31  Overlord  
  90  7:33  Overlord  
  90  7:39  Drone  
  90  7:40  Mutalisk x3  
  90  7:44  Overlord  
  97  7:45  Zergling x6  
  97  7:50  Zerg Flyer Armor Level 1  
  100  7:56  Mutalisk  
  102  8:03  Mutalisk  
  100  8:08  Mutalisk  
  100  8:11  Zergling x8  
  102  8:15  Drone x2  
  102  8:18  Mutalisk  
  106  8:23  Drone x2  
  108  8:29  Mutalisk  
  110  8:38  Mutalisk  
  102  8:48  Mutalisk x3  
  90  8:54  Mutalisk  
  84  8:58  Zergling x14  
  91  9:04  Mutalisk x2  
  95  9:10  Mutalisk  
  95  9:14  Zergling x4  
  99  9:23  Mutalisk x2  
  102  9:31  Mutalisk  
  102  9:36  Zergling x10  
  102  9:38  Zergling x4  
  94  9:44  Mutalisk  
  73  9:50  Mutalisk  
  49  10:03  Zergling x2  
  44  10:10  Zergling x2  
  44  10:11  Zergling x6  
Show
View Real Time Build Order
Export as new Build Order

AGOElazer Zerg - Winner!

Build Orders: Hatch First 

Get SALT Encoding   

  12  0:00  Drone  
  13  0:12  Overlord  
  13  0:17  Drone  
  14  0:30  Drone x2  
  16  0:48  Hatchery  
  15  0:51  Drone  
  15  0:54  Drone  
  17  0:58  Drone  
  18  1:08  Extractor  
  17  1:14  Spawning Pool  
  17  1:17  Drone  
  17  1:20  Drone  
  18  1:28  Drone  
  19  1:39  Drone  
  20  1:49  Drone  
  21  1:54  Evolution Chamber  
  21  2:00  Queen x2  
  25  2:01  Drone  
  25  2:02  Drone  
  26  2:12  Drone, Overlord  
  27  2:19  Zerg Melee Weapons Level 1  
  27  2:22  Drone  
  28  2:30  Drone  
  28  2:32  Drone  
  28  2:33  Drone  
  31  2:38  Queen  
  33  2:44  Overlord  
  33  2:45  Drone  
  34  2:53  Drone  
  34  2:55  Drone  
  36  2:59  Evolution Chamber, Metabolic Boost  
  36  3:05  Drone x2  
  37  3:08  Drone x2  
  37  3:11  Drone x2  
  41  3:14  Drone  
  41  3:19  Zergling x2  
  43  3:22  Overlord  
  43  3:23  Drone  
  44  3:27  Lair  
  44  3:33  Extractor  
  43  3:34  Extractor  
  43  3:39  Drone x2  
  44  3:41  Drone x3  
  44  3:42  Drone  
  44  3:45  Overlord  
  48  3:50  Zergling x6  
  48  3:51  Zergling x2  
  52  4:10  Hatchery  
  52  4:11  Extractor  
  52  4:13  Drone x2  
  52  4:14  Drone  
  52  4:16  Drone x2  
  55  4:27  Overlord  
  55  4:28  Drone x4, Spire  
  58  4:34  Overlord  
  58  4:36  Zergling x2  
  59  4:42  Overlord  
  59  4:48  Zerg Ground Armor Level 1  
  59  4:50  Zergling x4  
  60  4:56  Zergling x2  
  61  5:02  Zergling x8  
  61  5:04  Zergling x6  
  68  5:11  Overlord  
  66  5:37  Overlord  
  66  5:40  Extractor, Mutalisk x7  
  79  5:45  Mutalisk  
  79  5:48  Overlord  
  81  5:51  Overlord  
  81  5:56  Mutalisk  
  83  5:58  Overlord  
  83  5:59  Drone x5  
  87  6:11  Mutalisk x2  
  87  6:15  Zergling x4  
  93  6:20  Mutalisk  
  93  6:22  Hatchery  
  94  6:26  Overlord  
  94  6:28  Mutalisk  
  94  6:31  Zergling x8  
  99  6:33  Overlord  
  99  6:45  Queen  
  99  6:50  Mutalisk  
  99  6:51  Mutalisk x2  
  99  6:53  Zergling x6, Spore Crawler  
  97  6:59  Mutalisk  
  99  7:03  Zergling x8  
  103  7:11  Zerg Flyer Armor Level 1  
  103  7:13  Mutalisk  
  105  7:19  Drone x5  
  110  7:27  Spore Crawler  
  107  7:34  Drone x2  
  107  7:35  Mutalisk x3  
  115  7:43  Extractor  
  114  7:45  Zergling x2  
  114  7:46  Zergling x4  
  114  7:47  Extractor  
  116  7:52  Drone  
  116  7:53  Drone x5  
  116  7:58  Mutalisk x2  
  124  8:06  Mutalisk x2  
  124  8:08  Zergling x8  
  131  8:14  Queen  
  131  8:15  Mutalisk  
  131  8:19  Overlord  
  132  8:45  Mutalisk x3  
  132  8:46  Mutalisk x3  
  130  8:54  Mutalisk  
  114  9:01  Mutalisk x2  
  118  9:04  Zergling x28  
  132  9:14  Mutalisk  
  134  9:18  Zergling x4  
  134  9:19  Zergling x8  
  140  9:38  Mutalisk x4  
  130  9:42  Zergling x2  
  130  9:43  Zergling x16  
  130  9:47  Mutalisk x2  
  130  9:51  Zergling x4  
  125  9:58  Mutalisk  
  125  9:59  Mutalisk  
  106  10:08  Mutalisk x2  
  107  10:19  Drone  
  107  10:20  Drone x5  
  107  10:21  Drone  

Tags
 
Add a new tag
Caveats
  • Supply blocks, unpowered buildings, or Contaminate may cause inaccurate times.
  • Supply counts are checked every 10 seconds.